 Dungeon Crawl Stone Soup version 0.29-a0-284-gf9362112df (webtiles) character file.

Game seed: 2365065409492482723

33 davidthevgamer991 the Skirmisher (level 3, 0/29 HPs)
             Began as a Demonspawn Fighter on Mar 29, 2022.
             Was an Initiate of Wu Jian.
             Succumbed to an adder's poison
             ... on level 2 of the Dungeon.
             The game lasted 00:05:15 (669 turns).

davidthevgamer991 the Skirmisher (DsFi)              Turns: 669, Time: 00:05:15

Health: 0/29       AC:  6    Str: 18    XL:     3   Next: 12%
Magic:  3/3        EV:  9    Int:  9    God:    Wu Jian [......]
Gold:   33         SH:  4    Dex: 12    Spells: 2/2 levels left

rFire   + . .      SeeInvis .   a - +0 long sword
rCold   x . .      Faith    .   c - +0 buckler
rNeg    . . .      Spirit   .   b - +0 scale mail
rPois   .          Reflect  .   (no helmet)
rElec   .          Harm     .   (no cloak)
rCorr   .          Rampage  .   (no gloves)
Will    .....      Rage     1%  (no boots)
Stlth   ..........              (no amulet)
HPRegen 0.09/turn               e - ring of fire
MPRegen 0.08/turn               (no ring)

@: lethally poisoned (0 -> -2), very slightly contaminated
A: demonic magic 1, berserk 1, subdued magic 1
a: Renounce Religion


You were on level 2 of the Dungeon.
You worshipped Wu Jian.
Wu Jian was noncommittal.
You visited 1 branch of the dungeon, and saw 2 of its levels.

You collected 33 gold pieces.

Inventory:

Hand Weapons
 a - a +0 long sword (weapon)
Armour
 b - a +0 scale mail (worn)
 c - a +0 buckler (worn)
Jewellery
 e - a ring of fire (left hand)
Scrolls
 g - a scroll of holy word {unknown}
 h - a scroll of identify {unknown}
Potions
 d - a potion of might
 f - a potion of attraction {unknown}


   Skills:
 + Level 3.2 Fighting
 + Level 2.2 Long Blades
 + Level 3.1 Armour
 + Level 0.2 Dodging
 + Level 2.9 Shields


You had 2 spell levels left.
You didn't know any spells.
Your spell library contained the following spells:

 Spells                   Type           Power      Damage    Failure   Level
 Static Discharge         Conj/Air       0%         N/A       92%         2
 Dispel Undead            Necr           0%         3d6       100%        4
 Sticky Flame             Conj/Fire      0%         2d3       100%        4


Dungeon Overview and Level Annotations

Branches:
Dungeon (2/15)

Altars:
Wu Jian
Jiyva


Innate Abilities, Weirdness & Mutations

Spells you cast may paralyse adjacent enemies.
You tend to lose your temper in combat.
Your spells are a little easier to cast, but a little less powerful.


Message History

You closely miss the adder.
The adder is severely wounded.
You feel sick. The adder bites you.
You are more poisoned.
The adder poisons you! The adder bites you but does no damage.
You closely miss the adder.
The adder is severely wounded.
You feel sick. You block the adder's attack.
You closely miss the adder.
The adder is severely wounded.
You feel sick. You block the adder's attack.
The adder bites you but does no damage.
You hit the adder but do no damage.
The adder is severely wounded.
You feel sick. The adder bites you.
* * * LOW HITPOINT WARNING * * *
You are lethally poisoned!
The adder poisons you! The adder barely misses you.
You barely miss the adder.
The adder is severely wounded.
* * * LOW HITPOINT WARNING * * *
You feel sick. The adder bites you but does no damage.
You closely miss the adder.
The adder is severely wounded.
* * * LOW HITPOINT WARNING * * *
You feel sick. The adder barely misses you.
The adder bites you but does no damage.
You slash the adder!
You kill the adder!
The Council accepts your kill.
* * * LOW HITPOINT WARNING * * *
You feel sick.
You have reached level 3!
Your experience leads to an increase in your attributes!
Increase (S)trength, (I)ntelligence, or (D)exterity?
You feel stronger. x2
* * * LOW HITPOINT WARNING * * *
You feel sick.
You see here an adder corpse.
You die...

.#.# #...# ...# #...#
...# #...# ...# #...#
...###...# .........#
#........#
.........##############.
##.............†@.......
##.....################
........# .##.###.# #..
#.# ##. #.# #.# #.# #.#


There were no monsters in sight!

Vanquished Creatures
  An adder (D:2)
  A worm (D:2)
  A dart slug (D:2)
  3 bats
  2 endoplasms
  2 goblins (D:2)
  3 hobgoblins (D:1)
  2 quokkas
  2 ball pythons (D:1)
  A kobold (D:1)
  2 rats
20 creatures vanquished.

Vanquished Creatures (others)
  2 endoplasms
  A hobgoblin (D:1)
  A quokka (D:1)
  2 ball pythons (D:1)
  A bat (D:1)
7 creatures vanquished.

Grand Total: 27 creatures vanquished

Notes
Turn   | Place    | Note
-------+----------+-------------------------------------------
     0 | D:1      | davidthevgamer991 the Demonspawn Fighter began the quest
                  | for the Orb.
     0 | D:1      | Reached XP level 1. HP: 18/18 MP: 1/1
    36 | D:1      | Found a faded altar of an unknown god.
    46 | D:1      | Prayed at the altar of an unknown god.
    46 | D:1      | Became a worshipper of Jiyva Jipyam the Shapeless
    46 | D:1      | Reached * piety under Jiyva
   174 | D:1      | Gained mutation: Spells you cast may paralyse adjacent
                  | enemies. [demonic ancestry]
   174 | D:1      | Reached XP level 2. HP: 24/24 MP: 2/2
   515 | D:2      | Found an ornate altar of the Wu Jian Council.
   524 | D:2      | Fell from the grace of Jiyva
   524 | D:2      | Became a worshipper of the Wu Jian Council
   624 | D:2      | Gained mutation: Your spells are a little easier to cast,
                  | but a little less powerful. [mutagenic glow]
   637 | D:2      | Gained mutation: You tend to lose your temper in combat.
                  | [mutagenic glow]
   667 | D:2      | HP: 1/24 [poisoned by an adder]
   668 | D:2      | Reached XP level 3. HP: 2/29 MP: 3/3
   669 | D:2      | Succumbed to an adder's poison

Illustrated notes

Levels and vault maps discovered:
D:1:      heliophobic_arrival_henge, layout_basic,
          chequers_ecumenical_altar_simple, minmay_misc_feat_chi,
          dk_noncrumbling_3, minmay_pentomino_p2
D:2:      layout_basic, basic_altar, corexii_shack

Skill      XL: |  1  2 |
---------------+-------+-----
Long Blades    | 2 |  2.2
Armour         | 3 |  3.1
Fighting       | |  3.2
Dodging        | |  0.2
Shields        | |  2.9

Action                   || total
-------------------------++-------
Melee: Long sword        ||    89
Invok: Lunge             ||     2
Armor: Scale mail        ||    75
Dodge: Dodged            ||    49
Block: Buckler           ||    38

Table legend: (Time is in decaauts)
 A = Elapsed time spent in this place.
 B = Non-inter-level travel time spent in this place.
 C = Inter-level travel time spent in this place.
 D = Time resting spent in this place.
 E = Time spent auto-exploring this place.
 F = Levels seen in this place.
 G = Mean time per level.
                   A        B        C        D        E       F      G
               +--------+--------+--------+--------+--------+-----+--------+
         Total |    697 |    695 |      2 |      0 |      0 |   2 |  348.5 |
       Dungeon |    697 |    695 |      2 |      0 |      0 |   2 |  348.5 |
               +--------+--------+--------+--------+--------+-----+--------+

Top non-repeatable levels by time:
     D:1: 472 daAuts
     D:2: 225 daAuts
